AoeStats
← UncleRambo69

African Clearing

510618888Analyzed
2v2 RM · 1d ago on Oct 1, 2026· 34m 51s· 4 players
Game mode
Random Map
Map size
Medium (4 player)
Population
200
Speed
Normal
Resources
Standard
Victory
Conquest
Starting age
Dark Age
Ending age
Imperial Age
RankedLock teamsTeams togetherTeam positionsShared explorationLock speedFull tech treeHidden civsTurbo modeCheats
Victory
Defeat
🇮🇳 Huns · India
1450
+13
🇳🇿 Mongols · New Zealand
1357
+17
🇵🇱 Huns · Poland
1379
-15
🇵🇱 Vietnamese · Poland
1379
-15
Gitan
4:44 Loom
12:14 Feudal Age
17:05 Double-Bit Axe
18:45 Forging
21:44 Castle Age
20:21 Gold Mining
22:57 Scale Barding Armor
26:43 Husbandry
31:15 Chain Barding Armor
32:34 Horse Collar
Notevidius
8:54 Loom
12:17 Feudal Age
12:55 Double-Bit Axe
19:32 Castle Age
17:46 Stone Mining
18:27 Horse Collar
20:46 Bow Saw
22:13 Fletching
23:26 Padded Archer Armor
26:59 Gold Mining
27:40 Bodkin Arrow
34:21 Wheelbarrow
UncleRambo69
4:42 Loom
14:33 Feudal Age
15:58 Double-Bit Axe
19:26 Castle Age
17:39 Gold Mining
17:42 Fletching
21:07 Bow Saw
21:50 Bodkin Arrow
23:18 Ballistics
25:13 Padded Archer Armor
28:34 Wheelbarrow
28:49 Town Watch
31:24 Hand Cart
31:12 Husbandry
31:32 Bloodlines
32:19 Horse Collar
33:23 Thumb Ring
NewNormal
5:01 Loom
10:44 Feudal Age
11:24 Double-Bit Axe
16:11 Forging
17:49 Scale Barding Armor
22:42 Castle Age
20:41 Horse Collar
21:52 Bloodlines
23:05 Wheelbarrow
24:14 Bow Saw
24:21 Gold Mining
27:09 Husbandry
28:54 Chain Barding Armor
31:50 Hand Cart
32:37 Iron Casting
32:36 Town Watch
Connection lost

Rejoining the realm…

Still unreachable

The connection could not be restored.

Session expired

The server has moved on; the page needs a fresh start.